 Dungeon Crawl Stone Soup version 0.30-a0-779-g7971cf19c3 (webtiles) character file.

Game seed: 8449319169881158825

130 Pimp the Trooper (level 5, 0/57 HPs)
             Began as an Ogre Cinder Acolyte on Feb 17, 2023.
             Was a Priest of Ignis.
             Killed by nerve-wracking pain
             ... invoked by an orc priest
              (4 damage)
             ... on level 3 of the Dungeon.
             The game lasted 00:03:40 (2406 turns).

Pimp the Trooper (Ogre Cinder Acolyte)              Turns: 2406, Time: 00:03:41

Health: 0/57       AC: 10    Str: 18    XL:     5   Next: 13%
Magic:  6/6        EV:  9    Int: 15    God:    Ignis [***...]
Gold:   123        SH:  0    Dex:  6    Spells: 6/6 levels left

rFire   + . .      SeeInvis .    a - -1 hand axe (flame)
rCold   . . .      Faith    .    (no shield)
rNeg    . . .      Spirit   .    b - +0 robe
rPois   .          Reflect  .    (helmet restricted)
rElec   .          Harm     .    (no cloak)
rCorr   .          Rampage  .    (gloves unavailable)
Will    .....                    (boots unavailable)
Stlth   +                        (no amulet)
HPRegen 0.29/turn                (no ring)
MPRegen 0.10/turn                (no ring)

@: fiery-armoured
A: large, unfitting armour, tough skin 1
a: Renounce Religion, Fiery Armour, Foxfire Swarm, Rising Flame


You were on level 3 of the Dungeon.
You worshipped Ignis.
Ignis was most pleased with you.
You visited 1 branch of the dungeon, and saw 3 of its levels.

You collected 123 gold pieces.

Inventory:

Hand Weapons
 a - a -1 hand axe of flaming (weapon)
Missiles
 p - a throwing net (quivered)
Armour
 b - a +0 robe (worn)
Jewellery
 e - a ring of resist corrosion
 f - a +6 ring of strength
 g - a ring of see invisible
Wands
 q - a wand of roots (12)
Scrolls
 i - a scroll of amnesia {unknown}
 j - a scroll of brand weapon {unknown}
 l - a scroll of butterflies {unknown}
 m - a scroll of vulnerability {unknown}
 n - a scroll of poison {unknown}
 o - a scroll of identify {unknown}
Potions
 c - 2 potions of brilliance {unknown}
 d - a potion of might {unknown}
 h - a potion of degeneration {unknown}
 k - a potion of mutation {unknown}


   Skills:
 + Level 5.1 Fighting
 + Level 4.2 Axes
 + Level 1.2 Dodging
 + Level 0.1 Stealth
 + Level 1.2 Spellcasting
 + Level 3.2 Fire Magic


You had 6 spell levels left.
You didn't know any spells.
Your spell library contained the following spells:

 Spells                   Type           Power      Damage    Failure   Level
 Scorch                   Fire           20%        2d6       10%         2
 Summon Small Mammal      Summ           0%         N/A       24%         1
 Call Canine Familiar     Summ           0%         N/A       58%         3
 Stone Arrow              Conj/Erth      0%         3d7       58%         3
 Summon Guardian Golem    Hex/Summ       0%         N/A       58%         3
 Animate Armour           Summ/Erth      0%         N/A       94%         4
 Lehudib's Crystal Spear  Conj/Erth      0%         10d2      100%        8


Dungeon Overview and Level Annotations

Branches:
Dungeon (3/15)

Altars:


Innate Abilities, Weirdness & Mutations

You are too large for most types of armour.
You have tough skin. (AC +1)


Message History

Press: ? - help, Dir - look around, f - activate Flames leap up around you!
The orc priest shouts!
The foxfire hits the orc.
The orc is moderately wounded.
The orc hits you but does no damage.
The orc is burned by your cloak of flames.
The orc is lightly wounded.
Your foxfire dissipates!
The orc attacks as you move away! The orc hits you with a +0 whip.
* * * LOW HITPOINT WARNING * * *
The foxfire hits the orc.
The orc is moderately wounded.
The foxfire hits the orc but does no damage.
The orc is moderately wounded.
The foxfire hits the orc.
You kill the orc!
The foxfire hits the orc.
The orc is almost dead.
Activating: Foxfire Swarm
Press: ? - help, Dir - look around, f - activate Flames leap up around you!
The foxfire hits the orc but does no damage.
Your foxfire dissipates!
The foxfire hits the orc.
You kill the orc!
The foxfire hits the orc.
The orc is lightly wounded.
The foxfire hits the orc.
You kill the orc!
The foxfire hits the orc priest.
The orc priest is lightly wounded.
Your foxfire dissipates! x2
The orc priest looks encouraged for a moment.
The orc priest mumbles some strange prayers to Beogh against you.
Beogh smites you!
* * * LOW HITPOINT WARNING * * *
The orc priest calls down the wrath of Beogh upon you.
Pain shoots through your body!
You die...

..#####......#
.............##
###.###†###.###
........†....###
##.###.###.##...##
#........)..#.#..#
..##.###.##...#..#
#.......#.#.#..#
...##.##@..#....#
.#.#.. #o#.# #..#
#... .)#... ..#
#.#. (#.#.#.# ##
...# .##...#... .#
.....#.# #.#
.###.## .# .. ..


You could see an orc priest.

Vanquished Creatures
  Ijyb (D:3)
  4 adders
  A worm (D:2)
  A dart slug (D:1)
  3 orcs (D:3)
  2 ball pythons
  6 endoplasms
  4 giant cockroaches (D:3)
  5 goblins
  9 hobgoblins
  2 quokkas
  5 bats
  4 frilled lizards
  7 kobolds
  6 rats
60 creatures vanquished.

Vanquished Creatures (others)
  20 foxfires (D:3)
20 creatures vanquished.

Grand Total: 80 creatures vanquished

Notes
Turn   | Place    | Note
-------+----------+-------------------------------------------
     0 | D:1      | Pimp the Ogre Cinder Acolyte began the quest for the Orb.
     0 | D:1      | Reached XP level 1. HP: 24/24 MP: 2/2
   161 | D:1      | Reached XP level 2. HP: 32/32 MP: 3/3
   276 | D:1      | Found a faded altar of an unknown god.
   707 | D:1      | Reached XP level 3. HP: 35/40 MP: 4/4
  1598 | D:2      | Reached XP level 4. HP: 49/49 MP: 5/5
  1996 | D:3      | Reached skill level 1 in Dodging
  2331 | D:3      | Noticed Ijyb
  2355 | D:3      | Killed Ijyb
  2356 | D:3      | Reached skill level 5 in Fighting
  2362 | D:3      | Reached XP level 5. HP: 8/57 MP: 6/6
  2406 | D:3      | Killed from afar by an orc priest

Illustrated notes

Levels and vault maps discovered:
D:1:      nzn_arrival_crosshair, layout_loops_corners,
          ebering_ecumenical_altar_sacrificial, dk_noncrumbling_2,
          item_on_display_a
D:2:      minmay_recursive_quarters, layout_basic
D:3:      layout_basic, minmay_misc_feat_plants,
          nicolae_concentric_dashed_squares_wild, minmay_misc_feat_enclosed,
          uniq_ijyb

Skill      XL: |  1  2  3  4 |
---------------+-------------+-----
Fire Magic     | 3 |  3.2
Dodging        | 1 |  1.2
Fighting       | 5 |  5.1
Axes           | 4 |  4.2
Stealth        | |  0.1
Spellcasting   | |  1.2

Action                     |  1- 3 |  4- 6 || total
---------------------------+-------+-------++-------
  Melee: Hand axe          |   116 |    62 ||   178
 Invoke: Fiery Armour      |       |     2 ||     2
         Foxfire Swarm     |       |     3 ||     3
 Armour: Robe              |    42 |    22 ||    64
  Dodge: Dodged            |    53 |    34 ||    87

Table legend: (Time is in decaauts)
 A = Elapsed time spent in this place.
 B = Non-inter-level travel time spent in this place.
 C = Inter-level travel time spent in this place.
 D = Time resting spent in this place.
 E = Time spent auto-exploring this place.
 F = Levels seen in this place.
 G = Mean time per level.
                   A        B        C        D        E       F      G
               +--------+--------+--------+--------+--------+-----+--------+
         Total |   2427 |   2316 |    111 |     69 |   1782 |   3 |  809.0 |
       Dungeon |   2427 |   2316 |    111 |     69 |   1782 |   3 |  809.0 |
               +--------+--------+--------+--------+--------+-----+--------+

Top non-repeatable levels by time:
     D:1: 1073 daAuts
     D:2: 919 daAuts
     D:3: 434 daAuts
